 Dungeon Crawl Stone Soup version 0.28.0-1-gb440e238dd (webtiles) character file.

Game seed: 7147005880696947432

49 Morbidden the Skirmisher (level 3, -1/29 HPs)
             Began as a Demonspawn Fighter on Feb 20, 2022.
             Slain by a gnoll (7 damage)
             ... on level 2 of the Dungeon.
             The game lasted 00:01:13 (2392 turns).

Morbidden the Skirmisher (Demonspawn Fighter)       Turns: 2392, Time: 00:01:14

Health: -1/29      AC:  6    Str: 18    XL:     3   Next: 51%
Magic:  3/3        EV:  9    Int:  9    God:
Gold:   85         SH:  4    Dex: 12    Spells: 2/2 levels left

rFire   . . .      SeeInvis .   a - +0 long sword
rCold   . . .      Faith    .   c - +0 buckler
rNeg    . . .      Spirit   .   b - +0 scale mail
rPois   .          Reflect  .   (no helmet)
rElec   .          Harm     .   (no cloak)
rCorr   .          Rampage  .   (no gloves)
Will    .....                   (no boots)
Stlth   ..........              (no amulet)
HPRegen 0.09/turn               (no ring)
MPRegen 0.16/turn               (no ring)

@: no status effects
A: hooves 1, magic regeneration
a: no special abilities


You were on level 2 of the Dungeon.
You visited 1 branch of the dungeon, and saw 2 of its levels.

You collected 85 gold pieces.

Inventory:

Hand Weapons
 a - a +0 long sword (weapon)
Armour
 b - a +0 scale mail (worn)
 c - a +0 buckler (worn)
Scrolls
 e - a scroll of teleportation {unknown}
 g - a scroll of fear {unknown}
 i - a scroll of blinking {unknown}
Potions
 d - a potion of might
 f - a potion of resistance {unknown}
 h - a potion of degeneration {unknown}


   Skills:
 + Level 3.4 Fighting
 + Level 2.3 Long Blades
 + Level 3.2 Armour
 + Level 3.0 Shields


You had 2 spell levels left.
You didn't know any spells.
Your spell library was empty.

Dungeon Overview and Level Annotations

Branches:
Dungeon (2/15)

Altars:


Innate Abilities, Weirdness & Mutations

You have large cloven feet.
You regenerate magic rapidly.


Message History

No target in view!
Key pressed, stopping explore.
No target in view!
Key pressed, stopping explore.
No target in view!
No target in view!
A goblin and a gnoll come into view.
The goblin shouts!
The gnoll shouts!
You hear a shout!
The goblin hits you but does no damage.
There are monsters nearby!
You hit the goblin.
You kill the goblin!
A gnoll is nearby!
The gnoll hits you from afar with a +0 spear.
A gnoll is nearby!
A jackal and a gnoll come into view.
The jackal barks!
The gnoll shouts!
You hear a shout!
A gnoll comes into view. It is wielding a +3 halberd.
You block the gnoll's attack.
The gnoll moves out of view.
You slash the gnoll! Your kick misses the gnoll.
The gnoll is severely wounded.
The gnoll hits you with a +0 spear.
You barely miss the gnoll. You kick the gnoll.
You kill the gnoll!
A jackal comes into view.
You barely miss the jackal.
The jackal barks!
The jackal closely misses you. The jackal bites you.
You closely miss the jackal. You kick the jackal.
The jackal is heavily wounded.
A gnoll comes into view. It is wielding a +0 halberd.
The jackal barely misses you. The gnoll completely misses you.
You miss the jackal. Your kick misses the jackal.
The jackal is heavily wounded.
The jackal bites you but does no damage.
The gnoll hits you from afar with a +0 halberd!
* * * LOW HITPOINT WARNING * * *
The jackal barely misses you.
The gnoll hits you from afar with a +3 halberd!
You die...

#.#.##...# #.#......#....
#.
#.#..#.#.#.#........#....#
##
#.#..#.#.#.#...#.#..#.#...
#.#..#...#.#.....#.........
#.#..#...#.###....###
#.#..#...#.#......+
#.##.#.#.#.#.#....#
#......#.#.#.#)...#
####.###...#.#..@h# #.#
#.###.#...)gh..gg
#.###.###.#....g###..
#.##....#.####....
..##....#.# .....
####....#.# .....#
.....>....# .....#
.......#### .....#
........#


You could see 4 gnolls and 2 jackals.

Vanquished Creatures
  A gnoll (D:2)
  2 bats
  6 endoplasms (D:1)
  3 hobgoblins (D:1)
  9 kobolds
  A quokka (D:1)
  3 ball pythons (D:1)
  A frilled lizard (D:1)
  6 goblins
  2 rats
  A spectral goblin (D:1)
35 creatures vanquished.

Notes
Turn   | Place    | Note
-------+----------+-------------------------------------------
     0 | D:1      | Morbidden the Demonspawn Fighter began the quest for the
                  | Orb.
     0 | D:1      | Reached XP level 1. HP: 18/18 MP: 1/1
    69 | D:1      | Gained mutation: You regenerate magic rapidly. [demonic
                  | ancestry]
    69 | D:1      | Reached XP level 2. HP: 24/24 MP: 2/2
   812 | D:1      | Found a faded altar of an unknown god.
  1290 | D:1      | Gained mutation: You have large cloven feet. [demonic
                  | ancestry]
  1290 | D:1      | Reached XP level 3. HP: 24/29 MP: 3/3
  2392 | D:2      | Slain by a gnoll

Illustrated notes

Levels and vault maps discovered:
D:1:      kennysheep_arrival_forest, layout_loops_ring,
          dreamdust_ecumenical_altar_drowned_temple
D:2:      layout_basic

Skill      XL: |  1  2  3 |
---------------+----------+-----
Armour         | 3 |  3.2
Shields        | 3 |  3.0
Long Blades    | 2 |  2.3
Fighting       | |  3.4

Action                   || total
-------------------------++-------
Melee: Long sword        ||    86
       Kick              ||     8
Armor: Scale mail        ||    33
Dodge: Dodged            ||    35
Block: Buckler           ||    13
